 Dungeon Crawl Stone Soup version 0.32-a0-876-gcfddb08e57 (webtiles) character file.

Game seed: 9667202578683981988

179 PriceMaster the Grave Robber (level 5, 0/24 HPs)
             Began as a Vine Stalker Necromancer on Mar 30, 2024.
             Succumbed to a scorpion's poison
             ... on level 3 of the Dungeon on Mar 31, 2024.
             The game lasted 00:04:02 (2276 turns).

PriceMaster the Grave Robber (VSNe)                 Turns: 2276, Time: 00:04:02

Health: 0/24       AC:  6    Str: 10    XL:     5   Next: 59%
Magic:  0/12       EV: 11    Int: 17    God:
Gold:   121        SH:  0    Dex: 15    Spells: 8/12 levels left

rFire   . . .        j - +2 dagger (freeze)
rCold   . . .        (no shield)
rNeg    . . .        a - +0 robe
rPois   .            f - +0 helmet
rElec   .            (no cloak)
rCorr   .            (no gloves)
SInv    .            d - +2 pair of boots
Will    .....        (no amulet)
Stlth   ++           (no ring)
HPRegen 1.04/turn    (no ring)
MPRegen 0.13/turn

%: guardian spirit
@: mighty, lethally poisoned (0 -> -6), very slightly contaminated
A: fangs 2, regeneration 1, magic shield, antimagic bite, no potion heal 2
a: no special abilities


You were on level 3 of the Dungeon.
You visited 1 branch of the dungeon, and saw 3 of its levels.

You collected 121 gold pieces.

Inventory:

Hand Weapons
 j - a +2 dagger of freezing (weapon)
Armour
 a - a +0 robe (worn)
 d - a +2 pair of boots (worn)
 f - a +0 helmet (worn)
Scrolls
 c - a scroll of enchant armour {unknown}
 e - a scroll of vulnerability {unknown}
 i - 5 scrolls of teleportation {unknown}
Potions
 g - a potion of enlightenment {unknown}
 h - a potion of might
 k - a potion of invisibility {unknown}


   Skills:
 + Level 0.1 Fighting
 + Level 0.1 Short Blades
 + Level 2.1 Dodging
 + Level 2.5 Stealth
 + Level 0.1 Unarmed Combat
 + Level 4.0 Spellcasting
 + Level 5.2 Necromancy


You had 8 spell levels left.
You knew the following spells:

 Your Spells              Type           Power      Damage    Failure   Level
a - Necrotise             Necr           84%        1d8       1%          1
b - Vampiric Draining     Necr           21%        2d7       5%          3

Your spell library contained the following spells:

 Spells                   Type           Power      Damage    Failure   Level
 Animate Dead             Necr           21%        N/A       19%         4
 Curse of Agony           Necr           21%        N/A       45%         5


Dungeon Overview and Level Annotations

Branches:
Dungeon (3/15)

Altars:


Innate Abilities, Weirdness & Mutations

You have extremely sharp teeth.
Your natural rate of healing is unusually fast.
When hurt, damage is shared between your health and your magic reserves.
Your bite disrupts and absorbs the magic of your enemies.
Potions cannot restore your health.


Message History

Casting: Vampiric Draining (quite dangerous; 6% risk of failure)
Confirm with . or Enter, or press ? or * to list all spells.
Aiming: Vampiric Draining (quite dangerous; 6% risk of failure)
Press: ? - help, Shift-Dir - straight line, f - scorpion
Aim: a scorpion (moderately wounded, ally target)
You draw life force from the scorpion!
You feel life coursing into your body.
You feel very sick.
Your goblin skeleton barely misses the scorpion.
The scorpion stings you.
You are lethally poisoned!
The scorpion poisons you!
Casting: Vampiric Draining (quite dangerous; 6% risk of failure)
Confirm with . or Enter, or press ? or * to list all spells.
Aiming: Vampiric Draining (quite dangerous; 6% risk of failure)
Press: ? - help, Shift-Dir - straight line, f/p - scorpion
Aim: a scorpion (almost dead, ally target)
You miscast Vampiric Draining.
You are very lightly contaminated with residual magic.
Nothing appears to happen.
* * * LOW HITPOINT WARNING * * *
You feel very sick. The scorpion barely misses you.
Your goblin skeleton hits the scorpion but does no damage.
Your ball python skeleton bites the scorpion but does no damage.
Your ball python skeleton barely misses the scorpion.
Casting: Vampiric Draining (quite dangerous; 6% risk of failure)
Confirm with . or Enter, or press ? or * to list all spells.
Aiming: Vampiric Draining (quite dangerous; 6% risk of failure)
Press: ? - help, Shift-Dir - straight line, f/p - scorpion
Aim: a scorpion (almost dead, not watching you, ally target)
You draw life force from the scorpion!
You kill the scorpion!
You feel life coursing into your body.
* * * LOW HITPOINT WARNING * * *
You feel very sick.
Your Spellcasting skill increases to level 4!
Your Necromancy skill increases to level 5!
It was a potion of might.
You feel very mighty all of a sudden.
You die...

........# ...
........# ..#
........# ...#
........# ...##
...............
........#....##
......ZZ......+
....[..@#######.
.#####.........#
................
.#####.#<....#.
#.#####?# #. #
#. ##


You could see a friendly ball python skeleton and a friendly goblin skeleton.

Vanquished Creatures
  A scorpion (D:3)
  Natasha (twice) (D:2)
  An adder (D:2)
  A dart slug (D:1)
  2 ribbon worms (D:2)
  4 ball pythons
  4 bats
  6 endoplasms
  A giant cockroach (D:1)
  5 hobgoblins
  3 jackals (D:1)
  6 kobolds
  2 quokkas (D:1)
  A frilled lizard (D:2)
  5 goblins
  4 rats
48 creatures vanquished.

Vanquished Creatures (collateral kills)
  A frilled lizard (D:2)
  A rat (D:2)
2 creatures vanquished.

Grand Total: 50 creatures vanquished

Notes
Turn   | Place    | Note
-------+----------+-------------------------------------------
     0 | D:1      | PriceMaster the Vine Stalker Necromancer began the quest
                  | for the Orb.
     0 | D:1      | Reached XP level 1. HP: 9/9 MP: 4/4
   123 | D:1      | Reached XP level 2. HP: 13/13 MP: 4/6
   840 | D:1      | Reached XP level 3. HP: 16/16 MP: 2/7
   840 | D:1      | Upgraded the game from 0.32-a0-872-g59262bdc9b to
                  | 0.32-a0-876-gcfddb08e57
   944 | D:1      | Found a faded altar of an unknown god.
  1774 | D:2      | Noticed Natasha
  1779 | D:2      | Killed Natasha
  1780 | D:2      | Reached XP level 4. HP: 14/21 MP: 1/10
  2012 | D:2      | Learned a level 3 spell: Vampiric Draining
  2188 | D:2      | Noticed Natasha
  2194 | D:2      | Killed Natasha
  2195 | D:2      | Reached XP level 5. HP: 24/24 MP: 7/11
  2276 | D:3      | Reached skill level 5 in Necromancy
  2276 | D:3      | Succumbed to a scorpion's poison

Illustrated notes

Levels and vault maps discovered:
D:1:      dpeg_arrival_pond, layout_loops_corners,
          hellmonk_ecumenical_altar_leap_of_faith
D:2:      layout_rooms, chequers_serial_rivers_small_a,
          guppyfry_early_lair_pool, uniq_natasha
D:3:      layout_basic, lemuel_tele_altar, uniq_sigmund

Skill      XL: |  1  2  3  4  5 |
---------------+----------------+-----
Spellcasting   | 3 4 |  4.0
Dodging        | 2 |  2.1
Necromancy     | 5 |  5.2
Fighting       | |  0.1
Short Blades   | |  0.1
Stealth        | |  2.5
Unarmed Combat | |  0.1

Action                     |  1- 3 |  4- 6 || total
---------------------------+-------+-------++-------
  Melee: Unarmed           |    20 |       ||    20
         Bite              |     8 |     2 ||    10
         Dagger            |     9 |    12 ||    21
   Cast: Necrotise         |    75 |    16 ||    91
         Vampiric Draining |       |     2 ||     2
    Use: Potion            |       |     2 ||     2
 Armour: Robe              |    32 |    21 ||    53
  Dodge: Dodged            |    41 |    16 ||    57

Table legend: (Time is in decaauts)
 A = Elapsed time spent in this place.
 B = Non-inter-level travel time spent in this place.
 C = Inter-level travel time spent in this place.
 D = Time resting spent in this place.
 E = Time spent auto-exploring this place.
 F = Levels seen in this place.
 G = Mean time per level.
                   A        B        C        D        E       F      G
               +--------+--------+--------+--------+--------+-----+--------+
         Total |   2283 |   2168 |    115 |     99 |   1755 |   3 |  761.0 |
       Dungeon |   2283 |   2168 |    115 |     99 |   1755 |   3 |  761.0 |
               +--------+--------+--------+--------+--------+-----+--------+

Top non-repeatable levels by time:
     D:1: 1330 daAuts
     D:2: 938 daAuts
     D:3: 14 daAuts
